[Event "Croatian Team Cup Final 2022"]
[Site "Vodice"]
[Date "2022.05.21"]
[Round "5.20"]
[White "Husajina, Nikola"]
[Black "Vujakovic, Branko"]
[Result "0-1"]
[ECO "B07"]
[WhiteElo "1690"]
[BlackElo "2292"]
[Annotator "TA"]
[PlyCount "58"]
[EventDate "2022.05.18"]
[EventType "team-tourn"]
[EventCountry "CRO"]
[SourceTitle "playchess.com"]
[Source "ChessBase"]
[SourceQuality "1"]
[TimeControl "40/5400+30:1800+30"]

1. e4 d6 2. d4 Nf6 3. Nc3 g6 4. Be2 Bg7 5. h4 Nc6 6. h5 gxh5 7. Be3 (7. Bg5 $16) 7... Ng4 $14 {[%emt 0:37:37] B07: Pirc Defence: Miscellaneous Systems.} 8. Rxh5 Nxe3 9. fxe3 a6 {[%emt 0:04:17] [#] White is slightly better.} 10. Bc4 $146 ({Predecessor:} 10. Bf3 Bd7 11. Nge2 e6 12. Qd2 Qe7 13. O-O-O O-O-O 14. Rdh1 h6 15. Nd1 f5 16. exf5 exf5 {1-0 (70) Hausner,I (2321)-Spornberger,M (2273) Austria 2017}) 10... e5 11. Qf3 {[%emt 0:14:40][%csl Gc4][%cal Rf3f7] [#]} O-O 12. Qg3 {[%emt 0:14:54] Strongly threatening Nf3.} exd4 13. Rg5 $2 (13. exd4 $16 {Nge2 is the strong threat.} Qf6 14. Nge2) 13... dxc3 $17 ({Don't play} 13... Qf6 $6 14. Nd5 Qh6 15. Rh5 $11 (15. Nxc7 Rb8 $15)) 14. Rxg7+ Kh8 15. Nf3 $2 {[%emt 0:23:28][%mdl 8192] Now White is beyond hope.} (15. O-O-O $17 {is more resistant.} cxb2+ 16. Kb1) 15... Qf6 $19 {[%emt 0:03:56] Black is clearly winning.} ({Weaker is} 15... cxb2 16. Rxh7+ Kxh7 17. Qh2+ Kg6 18. Qg3+ Kh6 19. Qf4+ Kh5 20. Qh2+ Kg6 21. Qg3+ Kh7 22. Qh2+ Kg6 $11) 16. Rxh7+ Kxh7 17. O-O-O Qg6 18. Ng5+ Kg7 19. Rh1 cxb2+ 20. Kb1 Ne5 21. Rh7+ Qxh7 22. Nxh7+ Kxh7 23. Qh4+ Kg7 24. Qg5+ {[%emt 0:01:36] [#]} Ng6 $1 25. Kxb2 Bd7 26. Be2 Rae8 27. Bf3 Re5 28. Qg3 Bc6 29. Qg4 Rfe8 {[%emt 0:00:13] Weighted Error Value: White=0.67/Black=0.14 (very precise)} 0-1

[Event "Croatian Team Cup Final 2022"]
[Site "Vodice"]
[Date "2022.05.21"]
[Round "5.21"]
[White "Golubovic, Boris"]
[Black "Jakic, Ivan"]
[Result "1/2-1/2"]
[ECO "D02"]
[WhiteElo "2360"]
[BlackElo "2350"]
[Annotator "TA"]
[PlyCount "33"]
[EventDate "2022.05.18"]
[EventType "team-tourn"]
[EventCountry "CRO"]
[SourceTitle "playchess.com"]
[Source "ChessBase"]
[SourceQuality "1"]
[TimeControl "40/5400+30:1800+30"]

1. d4 Nf6 2. Nf3 e6 3. Bf4 d5 4. e3 c5 5. c3 Nc6 6. Nbd2 Bd6 7. Bg3 O-O 8. Bd3 b6 {[%emt 0:00:24] The position is equal.} 9. O-O {[%emt 0:00:17] D02: 1 d4 d5 2 Nf3 sidelines, including 2...Nf6 3 g3 and 2...Nf6 3 Bf4.} Bb7 {[%emt 0:00:08] 9...Bxg3 is vanishing.} 10. Qe2 Ne7 $1 {[%emt 0:00:24][%mdl 4] [#] Not much happened in this game. now scores much better than the old 10...Bxg3.} {Predecessor:} 11. Ne5 $146 Nf5 12. Bxf5 exf5 13. Qf3 g6 14. Bh4 Be7 15. Rad1 Qc8 16. Rfe1 h6 17. Nb3 {0-1 (49) Thybo,J (2569)-Timofeev,A (2594) Chess.com INT 2021} 1/2-1/2

[Event "Croatian Team Cup Final 2022"]
[Site "Vodice"]
[Date "2022.05.22"]
[Round "6.1"]
[White "Martinovic, Sasa"]
[Black "Kozul, Zdenko"]
[Result "0-1"]
[ECO "E86"]
[WhiteElo "2552"]
[BlackElo "2621"]
[Annotator "TA"]
[PlyCount "102"]
[EventDate "2022.05.18"]
[EventType "team-tourn"]
[EventCountry "CRO"]
[SourceTitle "playchess.com"]
[Source "ChessBase"]
[SourceQuality "1"]
[TimeControl "40/5400+30:1800+30"]

1. d4 Nf6 2. c4 g6 3. Nc3 Bg7 4. e4 d6 5. f3 O-O 6. Be3 e5 7. Nge2 c6 (7... Nbd7 8. Qd2 a6 9. d5 h5 10. O-O-O b5 11. cxb5 axb5 12. Nxb5 Rxa2 13. Kb1 Ra8 14. Rc1 Nc5 15. Qc2 Nxd5 16. Bxc5 dxc5 17. Qxc5 {0-1 (26) Martinovic,S (2540)-Kozul,Z (2594) Zagreb 2016}) 8. Qd2 Qc7 {[%emt 0:00:30] E86: King's Indian: Sämisch: 6...e5 7 Nge2 c6.} (8... exd4 $14 {might be stronger.} 9. Nxd4 (9. Bxd4 Nbd7 $14) 9... Nbd7) 9. d5 $16 {[%emt 0:00:21] [#]} Re8 $5 $146 {[%emt 0:03:38][%mdl 8] New and interesting.} ({Predecessor:} 9... cxd5 10. cxd5 Bd7 11. a4 a5 12. Rc1 Na6 13. Nb5 Qb8 14. Ng3 b6 15. b3 Nc5 16. Rb1 {1-0 (59) Kuljasevic,D (2560)-Kozul,Z (2595) Bol 2014}) 10. Rd1 cxd5 {[%emt 0:07:56] White is better.} 11. Nxd5 Nxd5 12. cxd5 f5 13. Nc3 a6 {[%emt 0:03:40] Inhibits Nb5.} 14. Bd3 f4 15. Bf2 Nd7 16. Rc1 Qd8 17. b4 h5 18. h4 Kh7 19. Ke2 Rg8 20. a4 Nf6 21. a5 Bd7 {[%emt 0:00:08] Inhibits Na4.} 22. Nb1 Bh6 23. Bb6 Qe7 24. Rc7 $36 {[%emt 0:02:26][%mdl 2048] White has strong initiative.} Rab8 25. Qc2 (25. b5 $1 $16) 25... Rgc8 26. Rc1 Ne8 (26... Bg7 $1 $11 {remains equal.}) 27. Rxc8 Rxc8 28. Qxc8 Bxc8 29. Rxc8 Qxh4 $2 30. Rxe8 $18 Qh1 31. Re7+ Bg7 32. Nd2 $1 (32. Rxb7 Qxg2+ 33. Kd1 (33. Bf2 $2 g5 $19) 33... Qxf3+ 34. Kc2 h4 $11) 32... h4 33. Rxb7 Qxg2+ 34. Kd1 h3 35. Bf1 (35. Bxa6 $2 h2 36. Bf1 h1=Q $19) 35... Qg3 {[%emt 0:01:51] [#] White must now prevent ...h2.} 36. Bxh3 Qxh3 {[%emt 0:00:07] [#]} 37. b5 $2 (37. Kc2 $1 $18) 37... axb5 $11 38. a6 Qc8 $1 39. Bc7 Qa8 40. Rb6 Qa7 41. Rc6 Bf8 42. Ba5 ({White should try} 42. Bxd6 $11 Bxd6 43. Rxd6) 42... Kh6 {[%emt 0:01:40] ...g5 is the strong threat.} 43. Kc2 $1 Be7 44. Bc3 $2 {[%emt 0:04:51][%mdl 8192] [#]} (44. Nb3 $1 $11 {and White is okay.}) 44... Kh5 $1 $19 {[%emt 0:06:43] aiming for ...g5.} 45. Nb1 (45. Kb3 $142 g5 46. Ba5 (46. Kb4 $2 Qb8 $19)) 45... Qf2+ $2 (45... Bh4 $19 {Strongly threatening ...Bf2.} 46. Kd1 b4 47. Bxb4 Qd4+ 48. Bd2 Qd3) 46. Nd2 $15 {[%emt 0:01:42] And now Rc7 would win.} Qa7 {[%emt 0:12:00][%mdl 8192] Against Rc7} (46... Bd8 $1 $15 47. Rxd6 b4 48. Rxd8 Qc5 49. Rh8+ Kg5) 47. Nb1 $1 $19 ({Wrong is} 47. Bb4 $2 Qd4 48. Kb3 Bd8 $19) 47... Bh4 {[%emt 0:01:13] Black is clearly winning.} 48. Na3 (48. Nd2 $142 Be1 49. Nb3 Qf2+ 50. Bd2 Qxf3 51. a7 Qxe4+ 52. Kb2) 48... Qe3 49. Rc7 Bf2 50. Rh7+ Kg5 51. Ba5 Qxf3 {[%emt 0:00:24] Never resign too early!  Weighted Error Value: White=0.52/Black=0.45} 0-1

[Event "Croatian Team Cup Final 2022"]
[Site "Vodice"]
[Date "2022.05.22"]
[Round "6.2"]
[White "Stevic, Hrvoje"]
[Black "Livaic, Leon"]
[Result "1/2-1/2"]
[ECO "B10"]
[WhiteElo "2558"]
[BlackElo "2562"]
[Annotator "TA"]
[PlyCount "34"]
[EventDate "2022.05.18"]
[EventType "team-tourn"]
[EventCountry "CRO"]
[SourceTitle "playchess.com"]
[Source "ChessBase"]
[SourceQuality "1"]
[TimeControl "40/5400+30:1800+30"]

1. e4 c6 2. Nf3 d5 3. d3 dxe4 4. dxe4 Qxd1+ 5. Kxd1 g6 6. c3 {[%emt 0:01:59] [#] B10: Caro-Kann: 2 d3 and 2 c4.} Bg4 $146 ({Predecessor:} 6... Bg7 7. Nfd2 f5 8. f3 Nf6 9. exf5 Bxf5 10. Nc4 Na6 11. Ne3 O-O-O+ 12. Nd2 Nc5 13. Nxf5 gxf5 {½-½ (68) Andreikin,D (2726)-Vachier Lagrave,M (2784) Chess.com INT 2020}) 7. Be2 Bh6 8. Nfd2 Bxe2+ 9. Kxe2 Nf6 10. f3 Nbd7 11. Nc4 Bxc1 12. Rxc1 Nb6 13. Nbd2 Nxc4 14. Nxc4 O-O-O 15. Ne5 Rhf8 16. Rd1 Nd7 17. Nxd7 Rxd7 {[%emt 0:00:04] An uneventful encounter.  Weighted Error Value: White=0.06 (flawless) /Black=0.04 (flawless)} 1/2-1/2

[Event "Croatian Team Cup Final 2022"]
[Site "Vodice"]
[Date "2022.05.22"]
[Round "6.3"]
[White "Cvitan, Ognjen"]
[Black "Palac, Mladen"]
[Result "1/2-1/2"]
[ECO "D38"]
[WhiteElo "2454"]
[BlackElo "2505"]
[Annotator "TA"]
[PlyCount "52"]
[EventDate "2022.05.18"]
[EventType "team-tourn"]
[EventCountry "CRO"]
[SourceTitle "playchess.com"]
[Source "ChessBase"]
[SourceQuality "1"]
[TimeControl "40/5400+30:1800+30"]

1. d4 Nf6 2. c4 e6 3. Nf3 d5 4. Nc3 Bb4 5. Bg5 h6 6. Bxf6 Qxf6 7. Qa4+ Nc6 8. e3 {[%emt 0:00:31] The position is equal.} O-O {[%emt 0:02:00] D38: Queen's Gambit Declined: Ragozin Defence (4 Nf3 Bb4).} 9. Rc1 Rd8 10. Be2 dxc4 11. Bxc4 Bd7 12. Qc2 Na5 13. Be2 c5 $1 14. a3 cxd4 15. axb4 {[%emt 0:00:57] [#] aiming for Ne4.} dxc3 16. bxc3 ({Don't blunder} 16. bxa5 $2 cxb2 17. Rb1 Rac8 18. Qxb2 Qxb2 19. Rxb2 Rc1+ 20. Bd1 Ba4 $19) 16... Nc6 17. O-O a6 18. Rfd1 {[%emt 0:00:51] [#] A balanced but interesting game.  Weighted Error Value: White=0.01 (flawless) /Black=0.00 (flawless)} {Predecessor:} e5 $146 19. Nd2 Bf5 20. e4 Be6 21. Nc4 Rac8 22. Rxd8+ Qxd8 23. Qb2 Qc7 24. Rc2 a5 25. bxa5 Nxa5 26. Nxa5 Qxa5 {½-½ (34) Seo,J (2469)-Cvitan,O (2470) Struga 2021} 1/2-1/2

[Event "Croatian Team Cup Final 2022"]
[Site "Vodice"]
[Date "2022.05.22"]
[Round "6.4"]
[White "Zelcic, Robert"]
[Black "Rogic, Davor"]
[Result "0-1"]
[ECO "C85"]
[WhiteElo "2497"]
[BlackElo "2457"]
[Annotator "TA"]
[PlyCount "104"]
[EventDate "2022.05.18"]
[EventType "team-tourn"]
[EventCountry "CRO"]
[SourceTitle "playchess.com"]
[Source "ChessBase"]
[SourceQuality "1"]
[TimeControl "40/5400+30:1800+30"]

1. e4 e5 2. Nf3 Nc6 3. Bb5 a6 4. Ba4 Nf6 5. O-O Be7 6. Bxc6 dxc6 7. Nc3 Nd7 8. d4 exd4 9. Qxd4 O-O 10. Bf4 Nc5 {[%emt 0:04:52] C85: Closed Ruy Lopez: Deferred Exchange Variation.} 11. Qe3 Ne6 12. Rad1 Qe8 {[%emt 0:00:43] [#] The position is equal.} 13. e5 $146 ({Predecessor:} 13. Bg3 Bc5 14. Qe2 Bb4 15. Nb1 f6 16. Bxc7 Nxc7 17. Qc4+ Qf7 18. Qxb4 a5 19. Qb6 {1-0 (57) Zhang,Z (2637)-Jumabayev,R (2604) Baku 2016}) 13... b6 14. Ne4 Bb7 15. Bg3 c5 (15... Rd8 {keeps more tension.} 16. Nfg5 c5 17. Nxe6 fxe6 18. b3 Qg6) 16. Nc3 {[%emt 0:14:12] Inhibits Qa4.} (16. Nfg5 $15) 16... Rd8 $17 17. Rxd8 Qxd8 18. Rd1 Qa8 19. Ne1 Rd8 20. Rd2 c4 21. Ne2 Bc5 22. Qc3 b5 {[%emt 0:01:02][%cal Bb6b5,Bb5b4][%mdl 32] Black is more active.} 23. Bh4 {[%emt 0:00:36] Inhibits Ng5.} Rd5 24. Rxd5 Bxd5 25. Qd2 b4 26. Kf1 ({White should play} 26. Bg5) 26... a5 27. f3 c3 28. bxc3 Bxa2 {[%emt 0:00:34] [#] White must now prevent ...Bc4. A strong pair of Bishops.} 29. cxb4 axb4 (29... Bxb4 30. c3 Bc4 31. cxb4 $14) 30. Nd3 Qd5 31. Be1 (31. Bf2 $17 {was called for.} Bf8 32. Be3) 31... Bc4 $19 {[%emt 0:04:11] ...b3 is the strong threat.} 32. Bf2 $2 (32. Nxc5 {keeps fighting.} Qxc5 33. Bg3) 32... Bxf2 33. Kxf2 b3 34. Qe3 Bxd3 35. Qxd3 {[%emt 0:02:09][%mdl 4096] Endgame KQN-KQN} Qc5+ (35... Qxe5 36. Qxb3 Qxh2 37. Qb8+ Nf8 38. Ng3 $15) 36. Ke1 $2 (36. Kf1 bxc2 37. Nc1) 36... bxc2 (36... b2 $142 37. Qb3 Qa5+ 38. Nc3 Qxe5+ 39. Kf2 Qc5+ 40. Kf1 {[#]} Qxc3 $3 41. Qxc3 b1=Q+ 42. Kf2 g5) 37. Kd2 Qxe5 38. f4 (38. g3 $142) 38... Qc5 39. Qxc2 Qd5+ 40. Ke3 Qxg2 41. f5 Qg5+ ({Inferior is} 41... Qxh2 42. fxe6 Qe5+ 43. Kf3 $15 (43. Qe4 Qxe6 44. Qxe6 fxe6 $11)) 42. Kf3 Nf8 ({Wrong is} 42... Qh5+ $2 43. Kg3 Qg5+ 44. Kf3 $19) 43. Ng3 Qe7 44. Kg2 Qe5 45. Qc6 h6 46. h4 Qf4 47. Kh3 h5 {[%emt 0:03:03] And now ...Qg4+ would win.} 48. Qh1 $2 (48. Qe4 Qxe4 49. Nxe4) 48... Qg4+ {[%emt 0:02:06] Black is clearly winning.} 49. Kg2 c5 50. Qc1 c4 {[%emt 0:00:39] Hoping for ...Nh7.} 51. f6 (51. Qe3 $142) 51... Ng6 52. Qe3 gxf6 {[%emt 0:00:50] Weighted Error Value: White=0.46/Black=0.17 (very precise)} 0-1

[Event "Croatian Team Cup Final 2022"]
[Site "Vodice"]
[Date "2022.05.22"]
[Round "6.5"]
[White "Skuhala, Jernej"]
[Black "Doric, Darko"]
[Result "1/2-1/2"]
[ECO "B15"]
[WhiteElo "2378"]
[BlackElo "2483"]
[Annotator "TA"]
[PlyCount "58"]
[EventDate "2022.05.18"]
[EventType "team-tourn"]
[EventCountry "CRO"]
[SourceTitle "playchess.com"]
[Source "ChessBase"]
[SourceQuality "1"]
[TimeControl "40/5400+30:1800+30"]

1. e4 c6 2. d4 d5 3. Nc3 dxe4 4. Nxe4 Nf6 5. Nxf6+ exf6 6. c3 Bd6 7. Bd3 O-O 8. Qc2 {[%emt 0:00:08] Active counter play!} Re8+ {[%emt 0:00:04] B15: Caro-Kann: 3 Nc3: 3...g6 and 3...dxe4 4 Nxe4 Nf6 5 Nxf6+ exf6.} 9. Ne2 h5 (9... f5 $5) 10. Be3 (10. O-O {feels hotter.} Na6 11. Re1 Nc7 12. Bd2) 10... Nd7 {[%emt 0:02:40] White has an edge.} 11. O-O-O Nf8 12. Kb1 Be6 13. Bf4 (13. c4 $11) 13... b5 {[%emt 0:04:35] [#]} 14. Rhe1 $146 ({Predecessor:} 14. f3 Ng6 15. Bxd6 Qxd6 16. h3 Re7 17. Qd2 Rae8 18. Rde1 Bc4 19. Nc1 Qg3 20. Rxe7 Rxe7 21. Bxg6 fxg6 {½-½ (41) Hernandez Guerrero,G (2537)-Henriquez Villagra,C (2560) Rio Grande 2019}) 14... Bd5 {[%emt 0:13:29] Prevents Be4.} 15. Bxd6 Qxd6 16. g3 Qe6 17. b3 a5 (17... Bf3 {was preferrable.}) 18. Qd2 {[%emt 0:02:40] The position is equal.} a4 19. Nf4 Qd6 {[%emt 0:00:43] Hoping for ...Rxe1.} 20. Nxd5 Qxd5 21. b4 g6 22. Re3 f5 23. Rde1 Rxe3 24. Qxe3 Nd7 25. Be2 Nf6 {[%emt 0:04:15] [#] And now ...Re8 would win.} 26. Bf3 Qc4 {[%emt 0:00:27] Threatens to win with ...Re8.} 27. Be2 Qd5 {[%emt 0:01:32] White must now prevent ...Re8.} 28. Bf3 Qc4 {[%emt 0:00:45] Strongly threatening ...Re8.} 29. Be2 Qd5 $1 {[%emt 0:00:03] Weighted Error Value: White=0.10 (very precise) /Black=0.07 (flawless)} 1/2-1/2

[Event "Croatian Team Cup Final 2022"]
[Site "Vodice"]
[Date "2022.05.22"]
[Round "6.6"]
[White "Vojak, Daniel"]
[Black "Segovic, Goran"]
[Result "1/2-1/2"]
[ECO "C63"]
[WhiteElo "2335"]
[BlackElo "2291"]
[Annotator "TA"]
[PlyCount "34"]
[EventDate "2022.05.18"]
[EventType "team-tourn"]
[EventCountry "CRO"]
[SourceTitle "playchess.com"]
[Source "ChessBase"]
[SourceQuality "1"]
[TimeControl "40/5400+30:1800+30"]

1. e4 e5 2. Nf3 Nc6 3. Bb5 f5 4. Nc3 fxe4 5. Nxe4 Nf6 6. Nxf6+ Qxf6 7. Qe2 Be7 8. O-O {[%emt 0:00:41] C63: Ruy Lopez: Schliemann/Jaenisch Defence.} O-O 9. Bxc6 bxc6 (9... Qxc6 $11 10. Re1 (10. Qxe5 Bf6 $11) 10... b6 11. Nxe5 (11. Qxe5 Bf6 $15) 11... Qxc2) 10. Qxe5 d6 11. Qxf6 {[%emt 0:03:18] [#]  Weighted Error Value: White=0.38/Black=0.29 (precise)} {Predecessor:} Bxf6 $146 12. d3 Re8 13. Re1 Rxe1+ 14. Nxe1 Be6 15. Kf1 c5 16. Nf3 c4 17. Ng5 Bf5 {½-½ (41) Frolyanov,D (2599)-Zvjaginsev,V (2659) Taganrog 2011} 1/2-1/2

[Event "Croatian Team Cup Final 2022"]
[Site "Vodice"]
[Date "2022.05.22"]
[Round "6.7"]
[White "Makovec, Bruno"]
[Black "Starcevic, Ante Leon"]
[Result "1/2-1/2"]
[ECO "B36"]
[WhiteElo "2215"]
[BlackElo "2227"]
[Annotator "TA"]
[PlyCount "78"]
[EventDate "2022.05.18"]
[EventType "team-tourn"]
[EventCountry "CRO"]
[SourceTitle "playchess.com"]
[Source "ChessBase"]
[SourceQuality "1"]
[TimeControl "40/5400+30:1800+30"]

1. Nf3 Nf6 2. c4 g6 3. Nc3 c5 4. e4 Nc6 5. d4 cxd4 6. Nxd4 Nxd4 7. Qxd4 d6 8. Be2 Bg7 9. Be3 O-O 10. Qd2 a5 {[%emt 0:00:12] B36: Sicilian: Maroczy Bind: Gurgenidze System.} 11. O-O a4 12. Rac1 {[%emt 0:06:11] 12.Bd4 is a critical line.} Qa5 {[%emt 0:01:18] White has an edge.} 13. Rfd1 Be6 14. f3 Rfc8 15. Nb5 Qxd2 16. Bxd2 Nd7 17. Bc3 {[%emt 0:11:46] [#]} Bxc4 $146 (17... Ne5 {with more complications.} 18. b3 axb3 19. axb3 Ra2) ({Predecessor:} 17... Ne5 18. b3 axb3 19. axb3 Ra2 20. Kf1 Nc6 21. Ra1 Rca8 22. Rxa2 Rxa2 23. Rd2 Ra8 {0-1 (49) Richter,N (2267)-Schmaltz,R (2454) Baden Baden 2021}) 18. Bxc4 Rxc4 19. Bxg7 $1 Rxc1 20. Rxc1 Kxg7 $11 {[%emt 0:00:08][%mdl 4096] Endgame KRN-KRN} 21. Rc7 Nc5 {[%emt 0:01:05] With the idea ...Ra6.} 22. Rxe7 Ra6 {[%emt 0:00:42] [#] Hoping for ...Rb6.} 23. Rc7 Rb6 $1 24. Nxd6 Rxd6 25. Rxc5 {[%emt 0:00:03] KR-KR} Rd1+ 26. Kf2 Rd2+ 27. Kg3 Rxb2 {[%emt 0:00:08] And now ...b6 would win.} 28. e5 {[%emt 0:05:15] [#]} (28. a3 $11 {keeps the balance.}) 28... b5 (28... Rxa2 29. Rb5 $15) ({Better is} 28... b6 $1 $17 29. Rc6 a3) 29. a3 {[%emt 0:03:48] The position is equal.} Rb3 30. h4 h5 31. Kf4 Rb2 32. Rc7 Kf8 ({Much weaker is} 32... Rxg2 33. e6 Kf6 34. e7 $15 (34. exf7 Kg7 $11)) 33. Kg5 {[%emt 0:01:44] Threatens to win with Kf6.} Kg7 (33... Rxg2+ $2 34. Kf6 Ke8 35. Rxf7 $18) 34. Kf4 Rxg2 35. e6 Kf6 36. exf7 Kg7 37. Rb7 Rb2 38. Kg5 Rg2+ 39. Kf4 Rb2 {[%emt 0:02:26] Weighted Error Value: White=0.11 (very precise) /Black=0.11 (very precise)} 1/2-1/2

[Event "Croatian Team Cup Final 2022"]
[Site "Vodice"]
[Date "2022.05.22"]
[Round "6.8"]
[White "Novosel, Lovro"]
[Black "Havas, Janko"]
[Result "1-0"]
[ECO "E60"]
[WhiteElo "2279"]
[BlackElo "2162"]
[Annotator "TA"]
[PlyCount "133"]
[EventDate "2022.05.18"]
[EventType "team-tourn"]
[EventCountry "CRO"]
[SourceTitle "playchess.com"]
[Source "ChessBase"]
[SourceQuality "1"]
[TimeControl "40/5400+30:1800+30"]

1. Nf3 Nf6 2. g3 g6 3. Bg2 Bg7 4. O-O O-O 5. d4 d6 6. c4 Bf5 7. Nfd2 {[%emt 0:03:16] E60: King's Indian: Unusual lines and Fianchetto Variation without Nc3.} Nc6 8. d5 Nb4 {[%emt 0:07:00] [#]} 9. a3 $146 {[%emt 0:09:30] White has an edge.} ({Predecessor:} 9. e4 Bg4 10. f3 Bc8 11. Nb3 c6 12. a3 Na6 13. Be3 c5 14. Nc3 Nc7 15. Qd2 {1-0 (49) Stefansky,M-Novikov,A Dnipropetrovsk 2007}) 9... Na6 10. Nc3 Qc8 11. Re1 (11. b4 $14) 11... e5 (11... c6) (11... c6 $11) 12. b4 Bh3 13. Bh1 e4 14. e3 Ng4 (14... Nxd5 15. Nxd5 Kh8 16. Ra2) (14... Nxd5 $2 15. Nxd5 $1 Kh8 16. Ra2 $18) 15. Bb2 (15. Ndxe4 f5 16. Ng5 Bxc3) (15. Ndxe4 f5 16. Ng5 Bxc3 $15) 15... f5 16. Qb3 Ne5 17. Ne2 $1 g5 {[%emt 0:03:18] Inhibits Nf4.} 18. Bc3 Qe8 19. Nd4 $1 Qh5 (19... Rf6) (19... Rf6 $16) 20. Ne6 $18 Rf6 (20... Bg4 $142) 21. Bxe5 dxe5 {[%emt 0:00:08] [#]} 22. b5 $2 ({White should play} 22. c5 $1 $18) 22... Rxe6 $1 $11 23. bxa6 (23. dxe6 Nc5 24. Qd1 Qe8 $11) 23... Rb6 (23... Rxa6 $2 24. Qxb7 Qe8 25. Qxa6 $18) 24. axb7 Rb8 25. Qa4 R6xb7 (25... Rb2 26. Nb3 (26. Qd7 R2xb7 27. Bg2 Bxg2 $11) 26... Rxb7 27. Nc5 $16) 26. c5 Qf7 $36 {[%emt 0:03:10][%mdl 2048] White is under pressure.} 27. Qc6 Qe8 28. Qxe8+ Rxe8 29. Nc4 (29. Bg2 $11 {remains equal.} Bxg2 30. Kxg2) 29... Rb5 $17 30. Rac1 Rxc5 31. d6 (31. Bg2 $17 {is a better defense.} Bxg2 32. Kxg2) 31... cxd6 32. Nxd6 Rxc1 33. Rxc1 Rd8 34. Nc8 Bf8 35. Nxa7 Bxa3 36. Rb1 f4 (36... Rd2 $17 {Strongly threatening ...Rc2.} 37. Nc6 Bd6) 37. Nc6 $11 Rc8 38. Bxe4 fxe3 39. fxe3 Bc5 40. Kf2 Bf5 41. Bd5+ (41. Bxf5 $14 {is more appropriate.} Rxc6 42. Kf3) 41... Kh8 42. Rb5 Bd6 43. Rb7 Rf8 {[%emt 0:01:56] And now ...Be6+ would win.} 44. Ke1 Re8 45. e4 Bg4 46. Rf7 Bc5 47. Rb7 Bg1 48. Kf1 Be3 49. Kg2 Rf8 {[%emt 0:02:26] ( -> ...Rf2+)} 50. Rb2 {[%emt 0:01:12] Inhibits Rf2+.} (50. Nxe5 {leads to mate.} Rf2+ 51. Kg1 Rd2+ 52. Kf1 Rd1+ 53. Kg2 Rg1#) 50... Bf3+ {[%emt 0:00:17] A strong pair of Bishops.} 51. Kh3 g4+ (51... h5 $11 {keeps the balance.} 52. Nxe5 Bd4 53. Nxf3 (53. Ng6+ $2 Kg7 $19) 53... Bxb2 54. Nxg5 Rf2) 52. Kh4 $16 Bh6 (52... Rf6 $16 53. Rb8+ Kg7 54. Rg8+ Kh6 55. Nxe5 Bd4) 53. Rb7 $18 ({Not} 53. Nxe5 Bg7 54. Nd7 Bxb2 $11) 53... Re8 {[%emt 0:01:17] [#]} 54. Ne7 $1 Be3 $2 (54... Rf8 55. Rd7 Rb8) 55. Nf5 {[%emt 0:00:26] White is clearly winning.} Bd2 56. Nd6 Ra8 57. Nf7+ Kg7 58. Nxe5+ Kf6 59. Rf7+ Kxe5 60. Bxa8 {[%emt 0:00:06][%mdl 4096] Endgame KRB-KB} h6 61. Rf5+ Ke6 62. Bd5+ Ke7 63. Kh5 Bg5 64. Kg6 Be3 65. Rf7+ Kd6 66. Kf5 Bg1 67. Rf6+ {[%emt 0:00:08] A wild game.  Weighted Error Value: White=0.18 (very precise) /Black=0.32} 1-0

[Event "Croatian Team Cup Final 2022"]
[Site "Vodice"]
[Date "2022.05.22"]
[Round "6.9"]
[White "Saric, Ivan"]
[Black "Jovanovic, Zoran"]
[Result "1/2-1/2"]
[ECO "B00"]
[WhiteElo "2693"]
[BlackElo "2523"]
[Annotator "TA"]
[PlyCount "75"]
[EventDate "2022.05.18"]
[EventType "team-tourn"]
[EventCountry "CRO"]
[SourceTitle "playchess.com"]
[Source "ChessBase"]
[SourceQuality "1"]
[TimeControl "40/5400+30:1800+30"]

1. e4 Nc6 2. Nf3 d6 3. d4 Nf6 4. Nc3 Bg4 5. Bb5 a6 6. Bxc6+ bxc6 7. h3 Bh5 8. Qe2 e6 9. g4 Bg6 10. h4 {[%emt 0:04:21] [#] Hoping for h5. B00: Queen's Fianchetto Defence, Nimzowitsch Defence.} h5 11. g5 Nd7 12. Qc4 {[%emt 0:00:32] White is slightly better.} Nb8 {[%emt 0:08:50] [#]} 13. Bf4 $146 ({Predecessor:} 13. Be3 d5 14. Qd3 Nd7 15. Nd2 Qb8 16. f4 dxe4 17. Qc4 Qb7 18. Ndxe4 Nb6 19. Qb3 {0-1 (34) Schut,H (2101)-Dobre,C (2314) Chess.com INT 2020}) 13... Be7 14. O-O-O Qc8 15. Rhe1 O-O 16. Bg3 Qb7 17. Qb3 Qxb3 18. axb3 Nd7 19. Nd2 f5 20. gxf6 gxf6 21. Nc4 a5 22. Kd2 Nb6 23. Ra1 Nxc4+ 24. bxc4 f5 25. exf5 Bxf5 26. d5 cxd5 27. cxd5 e5 28. Ra4 Rfb8 29. b3 Rb4 30. Rea1 {[%emt 0:02:40] [#] Rxb4 is the strong threat.} Rxa4 31. Rxa4 Bd7 {[%emt 0:00:15] A strong pair of Bishops.} 32. Ra3 Kf7 33. Kd3 Bf5+ (33... c6 $15) 34. Kd2 $1 $11 Bd7 35. Nd1 c6 36. Ne3 cxd5 37. Nxd5 Bc6 (37... Bd8 $1 $15) 38. Nxe7 {[%emt 0:03:53] Weighted Error Value: White=0.09 (flawless) /Black=0.06 (flawless)} 1/2-1/2